Unix NetHack Version 3.7.0-89 Work-in-progress - last build Sep 7 2023 15:16:41 (8494bff02b67719303c47e298deaa89034127798,branch:master). Game began 2023-09-10 13:14:39, ended 2023-09-10 13:46:16. n00b, lawful female dwarven Valkyrie ----------------------------- ...............[.)...).).............-- - - ----.)-----------#-----------..| .... .. . ... |.-- ----.--.. . ----- |.| |.|... . |.--- .|.._. . |...| |.|.... . |.|.. -.|.... . |.|--. .--...- . |.|-..- ` .....`{ |.|.*--- ...... |......| |.| - ..... | |....*.---.-- .`..... |.|.......|...| +.`.... |.#..........<| ...... |.|o..........| ..... - |.|.........- ..` |)| .|..... --#----------------@| `.................`.| --------------------- N00b the Skirmisher St:18/01 Dx:13 Co:19 In:8 Wi:9 Ch:11 Lawful S:1032 Dlvl:7 $:316 HP:0(44) Pw:5(5) AC:6 Xp:4/104 T:2274 Latest messages: The kitten steps reluctantly over an orcish dagger. The kitten drops an orcish dagger. Rukugor of Banearukai picks up an orcish helm. Rukugor of Banearukai picks up a pair of iron shoes. Pick an object. You see here 10 rocks. You hear some noises in the distance. You see here a rock. You see here 7 rocks. The kitten picks up a rock. You hear a monster behind the boulder. Perhaps that's why you cannot move it. You swap places with your kitten. Aibanea of Banearukai swings her scimitar. Aibanea of Banearukai hits! You miss Aibanea of Banearukai. Aibanea of Banearukai swings her scimitar. Aibanea of Banearukai hits! You kill Aibanea of Banearukai! There are many objects here. Rukugor of Banearukai wields an orcish bow! You swap places with your kitten. The kitten eats a hill orc corpse named Aibanea of Banearukai. Rukugor of Banearukai picks up 7 rocks. Rukugor of Banearukai wields an orcish dagger! Rukugor of Banearukai wields an orcish dagger! The kitten misses Othagor of Banearukai. The kitten picks up a scimitar. The kitten bites Othagor of Banearukai. Othagor of Banearukai swings his scimitar at the kitten. Othagor of Banearukai misses the kitten. The kitten misses Othagor of Banearukai. The kitten misses Othagor of Banearukai. The kitten steps reluctantly over 2 poisoned orcish arrows. You hear some noises. You hear some noises in the distance. You have a sad feeling for a moment, then it passes. What do you want to write with? [- bfjln-txFHKL or ?*] - You write in the dust with your fingertip. What do you want to write in the dust here? x What do you want to write with? [- bfjln-txFHKL or ?*] n Do you want to add to the current engraving? [ynq] (y) y You add to the writing in the dust with an ebony wand. What do you want to add to the writing in the dust here? f The bugs on the floor stop moving! There are many objects here. Rukugor of Banearukai shoots 2 poisoned orcish arrows! You are hit by the 1st poisoned orcish arrow. The poison was deadly... Do you want your possessions identified? [ynq] (y) q Inventory: Coins $ - 316 gold pieces Weapons f - 14 +0 arrows p - 9 +0 crossbow bolts q - a +0 crossbow l - 11 +1 shuriken b - a +0 dagger (alternate weapon; not wielded) t - a +3 dwarvish spear (weapon in hand) F - a +0 elven dagger s - a +0 javelin o - a +0 orcish dagger Armor c - an uncursed +3 small shield (being worn) Comestibles d - 2 uncursed food rations m - 2 uncursed lichen corpses Scrolls M - a cursed scroll of gold detection O - an uncursed scroll of identify Spellbooks I - an uncursed spellbook of finger of death J - a blessed spellbook of haste self Potions w - a blessed potion of object detection Rings K - a cursed ring of aggravate monster named c Wands n - a wand of sleep (0:5) Tools k - an uncursed credit card v - an uncursed magic whistle e - an uncursed oil lamp (lit) G - a cursed tallow candle y - an uncursed tin opener Gems/Stones j - an uncursed garnet stone r - an uncursed worthless piece of black glass H - a cursed worthless piece of green glass x - an uncursed worthless piece of red glass L - an uncursed worthless piece of violet glass N00b the Valkyrie's attributes: Background: You were a Skirmisher, a level 4 dwarven Valkyrie. You were lawful, nominally on a mission for Tyr who was opposed by Odin (neutral) and Loki (chaotic). You were in the Gnomish Mines, on level 7. You entered the dungeon 2274 turns ago. You had 104 experience points, 56 more were needed to attain level 5. Your score was 1032 before end-of-game adjustments. Basics: You had 0 out of 44 hit points. You had all 5 energy points (spell power). Your armor class was 6. Your wallet contained 316 zorkmids. Autopickup was off. Final Characteristics: Your strength was 18/01 (limit:18/100). Your dexterity was 13 (limit:20). Your constitution was 19 (limit:20). Your intelligence was 8 (limit:16). Your wisdom was 9 (limit:16). Your charisma was 11 (limit:16). Final Status: You were not hungry. You were unencumbered. You were wielding a spear. You had basic skill with spear. Final Attributes: You were piously aligned. You were cold resistant. You had infravision. You were stealthy. You are dead. Miscellaneous: You encountered 1 bones level. Total elapsed playing time was 31 minutes and 36 seconds. Major events: Turn 1: n00b the lawful dwarven Valkyrie entered the dungeon 958: attained the rank of Skirmisher (level 3) 1778: entered the Gnomish Mines 2109: reached Mine Town 2274: poisoned by an orcish arrow Vanquished creatures: an Uruk-hai a shrieker a gnome leader a straw golem a little dog 2 floating eyes a kitten a dwarf a hill orc an iguana a gas spore 2 hobbits a hobgoblin a brown mold 4 gnomes 2 gnome zombies 4 geckos 3 jackals a fox 2 kobolds a goblin a sewer rat 6 grid bugs 4 lichens 5 newts 49 creatures vanquished. No species were genocided or became extinct. Voluntary challenges: You were an atheist. You read items or engraved 2 times. You never engraved Elbereth. You never genocided any monsters. You never polymorphed an object. You never changed form. You used no wishes. Achievements: You entered a shop. You attained the rank of Skirmisher. You entered the Gnomish Mines. You entered Minetown. The Dungeons of Doom: levels 1 to 5 Level 1: "bars" A sink. Level 2: A potion shop. Level 3: A fountain. Level 4: A potion shop, a fountain. Stairs down to The Gnomish Mines. Level 5: A sink. The Gnomish Mines: levels 5 to 7 Level 5: Level 6: Level 7: <- You were here. An altar, a fountain. Final resting place for you, poisoned by an orcish arrow, spontiff-Hea-Gno-Mal-Neu, killed by an Uruk-hai called Uothu of Banearukai. Game over: ---------- / \ / REST \ / IN \ / PEACE \ / \ | n00b | | 316 Au | | poisoned by an | | orcish arrow | | | | | | 2023 | *| * * * | * _________)/\\_//(\/(/\)/\//\/|_)_______ Farvel n00b the Valkyrie... You were poisoned in The Gnomish Mines on dungeon level 7 with 1001 points, and 316 pieces of gold, after 2274 moves. You were level 4 with a maximum of 44 hit points when you were poisoned.